 Dungeon Crawl Stone Soup version 0.16.0-16-g311141a (webtiles) character file.

5423 Crow the Carver (level 10, -1/93 HPs)
             Began as a Minotaur Fighter on Mar 19, 2015.
             Was a Priest of the Shining One.
             Slain by a swamp worm (17 damage)
             ... on level 9 of the Dungeon.
             The game lasted 01:24:42 (7899 turns).

Crow the Carver (Minotaur Fighter)                  Turns: 7899, Time: 01:24:42

Health: -1/93      AC: 12    Str: 24    XL:     10   Next: 40%
Magic:  4/4        EV:  8    Int:  8    God:    the Shining One [***...]
Gold:   587        SH: 11    Dex: 10    Spells: 0 memorised, 9 levels left

rFire  . . .     SeeInvis .     a - +4 long sword "Skaumeh" {slice, rN+ Int+3}
rCold  . . .     Clarity  .     J - +0 chain mail (curse)
rNeg   + + .     SustAb   +     c - +0 shield
rPois  .         Gourm    .     l - +2 hat
rElec  .         Spirit   .     (no cloak)
rCorr  .         Warding  .     (no gloves)
rMut   .         Stasis   .     (no boots)
MR     .....                    (no amulet)
Stlth  ..........               v - ring of sustain abilities
                                f - ring of sustain abilities

@: glowing, not resistant to hostile enchantments, extremely unstealthy
A: retaliatory headbutt, horns 2
a: Divine Shield, Renounce Religion


You were on level 9 of the Dungeon.
You worshipped the Shining One.
The Shining One was most pleased with you.
You were not hungry.

You visited 2 branches of the dungeon, and saw 10 of its levels.

You collected 587 gold pieces.

Inventory:

Hand weapons
 a - the +4 long sword "Skaumeh" (weapon) {slice, rN+ Int+3}
   (You found it on level 5 of the Dungeon)

   It inflicts extra damage upon your enemies.
   It affects your intelligence (+3).
   It protects you from negative energy.
 g - a +0 war axe of flaming
 n - the +5 rapier "Dewiexka" {drain, Int+3}
   (You found it on level 6 of the Dungeon)

   A truly terrible weapon, it drains the life of those it strikes.
   It affects your intelligence (+3).
   The Shining One opposes the use of such an evil item.
Missiles
 o - 5 tomahawks (quivered)
Armour
 c - a +0 shield (worn)
 l - a +2 hat (worn)
 J - a cursed +0 chain mail (worn)
Jewellery
 f - a ring of sustain abilities (left hand)
 i - an uncursed amulet of regeneration
 s - a cursed ring of magical power
 v - a ring of sustain abilities (right hand)
 E - a -2 ring of dexterity
Magical devices
 b - a wand of slowing (48)
 A - a wand of digging (11)
 M - a wand of polymorph (11)
Scrolls
 m - 2 scrolls of fog
 p - 5 scrolls of teleportation
 q - 2 scrolls of recharging
 u - 2 scrolls of magic mapping
 w - a scroll of immolation
 x - 5 scrolls of identify
 z - 2 scrolls of enchant weapon {unknown}
 C - a scroll of brand weapon {unknown}
 D - a scroll of blinking {unknown}
 G - a scroll of enchant armour {unknown}
 H - 2 scrolls of amnesia {unknown}
 L - 2 scrolls of noise {unknown}
 O - a scroll of remove curse
Potions
 d - a potion of agility
 e - 4 potions of might
 k - a potion of poison {unknown}
 r - a potion of flight
 t - 2 potions of invisibility {unknown}
 B - 2 potions of haste
 K - a potion of beneficial mutation {unknown}
 N - a potion of decay {unknown}
 P - 2 potions of restore abilities {unknown}
 Q - a potion of cancellation {unknown}
Books
 y - a book of Debilitation

   Spells                             Type                      Level
   a - Corona                         Hexes                        1
   b - Slow                           Hexes                        2
   c - Inner Flame                    Hexes/Fire                   3
   d - Enslavement                    Hexes                        4
   e - Cause Fear                     Hexes                        4
   f - Leda's Liquefaction            Hexes/Earth                  4
Miscellaneous
 h - a plain deck of wonders
Comestibles
 j - a slice of pizza
 F - 7 royal jellies
 I - a meat ration


   Skills:
 * Level 10.0 Fighting
 * Level 10.7 Long Blades
   Level 2.7 Maces & Flails
 + Level 0.2 Throwing
 + Level 8.0 Armour
 + Level 4.4 Dodging
 + Level 8.9 Shields


You had 9 spell levels left.
You didn't know any spells.

Dungeon Overview and Level Annotations

Branches:
Dungeon (9/15)             Temple (1/1) D:6
   Lair: D:8-11         Orc: D:9-12

Altars:
Ashenzari
Cheibriados
Elyvilon
Gozag
Kikubaaqudgha
Makhleb
Nemelex Xobeh
Okawaru
Qazlal
Sif Muna
Trog
Xom
Yredelemnul
Zin
The Shining One

Shops:
D:2 *   D:6 (   D:8 *


Innate Abilities, Weirdness & Mutations

You reflexively headbutt those who attack you in melee.
You have a pair of horns on your head.


Message History

Your unstable footing causes you to fumble your attack.
You block the swamp worm's attack. x2
The worm bites you but does no damage.
Your unstable footing causes you to fumble your attack.
You block the swamp worm's attack. The worm bites you but does no damage.
The swamp worm bites you!
Your unstable footing causes you to fumble your attack.
The swamp worm bites you but does no damage.
You block the swamp worm's attack. You block the worm's attack.
Your unstable footing causes you to fumble your attack.
The swamp worm bites you! The swamp worm bites you!!
* * * LOW HITPOINT WARNING * * *
You block the worm's attack.
Your shield and chain mail prevent you from hitting the swamp worm.
Your headbutt misses the swamp worm. You block the swamp worm's attack.
You block the swamp worm's attack. The worm bites you but does no damage.
You slash the swamp worm! You headbutt the swamp worm.
The swamp worm is heavily wounded.
The swamp worm bites you!
You die...

#....... .. #....... #..
#....... #.# .[# #...<...
#..#≈ ≈≈### #....... #.≈≈
≈≈≈### #.......
#≈≈≈#######≈≈≈.# #<......
#≈≈##≈≈≈ww#P≈≈.# #.......
#≈w#(≈≈≈ww@w≈≈.# #.......
#≈≈##≈≈≈ww#P≈≈.#####.......
#≈≈≈#######≈≈≈.............
#.≈≈≈≈≈≈≈≈≈≈≈..............
#...≈≈≈≈≈≈≈..........(.....
#.......†.#########...(....
#.........# #........
#..#####..# #..(..... #..#
#..# #........


You could see 5 swamp worms and 2 worms.

Vanquished Creatures
  The ghost of Jark the Grappler, an experienced TrWz of Cheibriados (D:8)
  A queen bee (D:8)
  A wyvern (D:9)
  Edmund (D:4)
  Menkaure (D:4)
  5 swamp worms (D:9)
  3 phantoms
  2 centaurs (D:6)
  An ice beast (D:8)
  2 sky beasts
  3 ogres
  Duvessa (D:7)
  8 giant frogs
  A big kobold (D:7)
  A wyvern zombie (D:9)
  A scorpion (D:5)
  5 wights (D:8)
  15 killer bees (D:8)
  A giant frog zombie (D:7)
  Dowan (D:7)
  4 crimson imps
  4 jellies
  2 hounds
  2 giant frog skeletons
  2 quasits
  5 orc priests
  An iguana (D:8)
  6 orc wizards
  5 worker ants
  A hound skeleton (D:6)
  A hound zombie (D:8)
  A mummy (D:8)
  6 adders
  4 gnolls (D:3)
  3 giant mites
  A shadow imp (D:8)
  7 worms
  An adder skeleton (D:4)
  An adder zombie (D:5)
  4 giant geckos
  2 oozes
  29 orcs
  A ball python (D:6)
  11 bats
  A bat zombie (D:6)
  7 giant cockroaches
  16 hobgoblins
  27 kobolds
  2 quokkas
  A ball python skeleton (D:4)
  A giant gecko zombie (D:8)
  4 giant newts
  13 goblins
  13 jackals
  A jackal skeleton (D:6)
  13 rats
  3 plants
261 creatures vanquished.

Vanquished Creatures (others)
  A plant (D:9)
1 creature vanquished.

Grand Total: 262 creatures vanquished

Notes
Turn   | Place    | Note
--------------------------------------------------------------
     0 | D:1      | Crow, the Minotaur Fighter, began the quest for the Orb.
     0 | D:1      | Reached XP level 1. HP: 19/19 MP: 1/1
   258 | D:1      | Reached skill level 4 in Shields
   258 | D:1      | Reached XP level 2. HP: 27/27 MP: 1/1
   408 | D:1      | Reached XP level 3. HP: 33/33 MP: 2/2
   921 | D:2      | Found a bloodstained altar of Trog.
  1233 | D:2      | Found an opulent altar of Gozag.
  1237 | D:2      | Found Gozag's Platinum Reserve.
  1474 | D:2      | Reached skill level 1 in Long Blades
  1474 | D:2      | Reached XP level 4. HP: 36/40 MP: 2/2
  1832 | D:3      | Found a burning altar of Makhleb.
  1835 | D:3      | Found a glowing silver altar of Zin.
  1836 | D:3      | Noticed a green death
  1836 | D:3      | Noticed an angel
  1963 | D:3      | Reached skill level 5 in Shields
  2052 | D:3      | Found a snail-covered altar of Cheibriados.
  2128 | D:3      | Reached XP level 5. HP: 47/47 MP: 2/2
  2398 | D:3      | Reached skill level 1 in Dodging
  2651 | D:4      | Noticed Edmund
  2664 | D:4      | Killed Edmund
  2664 | D:4      | Reached skill level 5 in Fighting
  2664 | D:4      | Reached XP level 6. HP: 29/56 MP: 3/3
  2900 | D:4      | Found a glowing golden altar of the Shining One.
  2915 | D:4      | Noticed Menkaure
  2923 | D:4      | Killed Menkaure
  2937 | D:4      | Noticed a phantom
  2981 | D:4      | Killed a phantom
  2981 | D:4      | Reached XP level 7. HP: 52/62 MP: 3/3
  3029 | D:4      | Became a worshipper of the Shining One
  3238 | D:4      | Reached skill level 6 in Shields
  3345 | D:5      | Entered Level 5 of the Dungeon
  3459 | D:5      | Found a basalt altar of Yredelemnul.
  3518 | D:5      | Reached skill level 5 in Armour
  3670 | D:5      | Reached skill level 5 in Long Blades
  4007 | D:5      | Got a scorched long sword
  4008 | D:5      | Identified the +4 long sword "Skaumeh" {slice, rN+ Int+3} (You found it on level 5 of the Dungeon)
  4124 | D:5      | Reached XP level 8. HP: 71/71 MP: 3/3
  4228 | D:5      | Found a sparkling altar of Nemelex Xobeh.
  4502 | D:6      | Got a transparent rapier
  4505 | D:6      | Acquired the Shining One's first power
  4556 | D:6      | Found Braucsurgh's Antique Weapon Boutique.
  4563 | D:6      | Identified the +5 rapier "Dewiexka" {drain, Int+3} (You found it on level 6 of the Dungeon)
  4619 | D:6      | Reached skill level 7 in Fighting
  4666 | D:6      | Found a staircase to the Ecumenical Temple.
  4693 | Temple   | Entered the Ecumenical Temple
  5451 | D:7      | Found a glowing golden altar of the Shining One.
  5674 | D:7      | Reached XP level 9. HP: 73/81 MP: 4/4
  5809 | D:7      | Reached skill level 8 in Long Blades
  5893 | D:7      | Noticed Dowan
  5897 | D:7      | Noticed Duvessa
  5898 | D:7      | Killed Dowan
  5904 | D:7      | Killed Duvessa
  5959 | D:8      | Noticed Jark's ghost (experienced TrWz)
  5959 | D:8      | Acquired the Shining One's second power
  5997 | D:8      | Killed Jark's ghost
  5997 | D:8      | Reached skill level 9 in Long Blades
  6237 | D:8      | Found Papraa's Assorted Antiques.
  6463 | D:8      | Found a stormy altar of Qazlal.
  6463 | D:8      | Found a shimmering altar of Xom.
  6758 | D:8      | Reached skill level 10 in Long Blades
  6824 | D:8      | Reached XP level 10. HP: 15/91 MP: 4/4
  7490 | D:9      | Upgraded the game from 0.16.0-14-g63f578d to 0.16.0-16-g311141a
  7892 | D:9      | Reached skill level 10 in Fighting
  7899 | D:9      | Slain by a swamp worm

Action                   |  1- 3 |  4- 6 |  7- 9 | 10-12 || total
-------------------------+-------+-------+-------+-------++-------
Melee: Flail             |    49 |       |       |       ||    49
       Long sword        |    53 |   117 |   275 |   101 ||   546
Throw: Tomahawk          |     2 |       |       |       ||     2
  Use: Potion            |       |     6 |     1 |       ||     7
       Scroll            |       |       |     8 |       ||     8
  Eat: Beef jerky        |     1 |     1 |       |       ||     2
       Bread ration      |       |     1 |     3 |     1 ||     5
